 Dungeon Crawl Stone Soup version 0.17-a0-1230-g8afc29e (webtiles) character file.

1995 Kisielow the Slicer (level 9, -3/72 HPs)
             Began as a Vine Stalker Berserker on June 4, 2015.
             Was a High Priest of Trog.
             Slain by a yak (7 damage)
             ... on level 7 of the Dungeon on June 5, 2015.
             The game lasted 00:22:18 (5794 turns).

Kisielow the Slicer (Vine Stalker Berserker)        Turns: 5794, Time: 00:22:18

Health: -3/72      AC: 15    Str: 26 (28) XL:     9   Next: 21%
Magic:  0/10       EV:  9    Int:  6 (7)  God:    Trog [*****.]
Gold:   292        SH:  0    Dex: 14      Spells: 0 memorised, 8 levels left

rFire  . . .     SeeInvis .     l - +0 rapier
rCold  . . .     Clarity  .     y - +3 chain mail {rN+}
rNeg   + . .     SustAt   .     (no shield)
rPois  .         Gourm    .     (no helmet)
rElec  .         Spirit   +     (no cloak)
rCorr  .         Warding  .     (no gloves)
rMut   .         Stasis   .     (no boots)
MR     ++...                    (no amulet)
Stlth  ..........               v - ring of protection from magic
                                j - +3 ring of protection

@: mighty, berserking, very quick, very resistant to hostile enchantments,
extremely unstealthy
A: fangs 3, deterioration 1, regeneration 2, spit poison 1, magic shield,
antimagic bite, no device heal 3, rot immunity
a: Spit Poison, Burn Spellbooks, Berserk, Trog's Hand, Brothers in Arms,
Renounce Religion


You were on level 7 of the Dungeon.
You worshipped Trog.
Trog was extremely pleased with you.
You were very hungry.

You visited 2 branches of the dungeon, and saw 8 of its levels.

You collected 292 gold pieces.

Inventory:

Hand weapons
 l - a +0 rapier (weapon)
Armour
 y - a +3 chain mail of positive energy (worn)
Jewellery
 j - a +3 ring of protection (left hand)
 v - a ring of protection from magic (right hand)
Magical devices
 p - a wand of disintegration (9)
Scrolls
 e - 6 scrolls of remove curse
 g - 3 scrolls of enchant weapon
 u - a scroll of fog
 x - a scroll of enchant armour
Potions
 d - a potion of cancellation {unknown}
 f - a potion of degeneration {unknown}
 h - 4 potions of brilliance
 k - a potion of magic {unknown}
 m - a potion of lignification {unknown}
 n - 2 potions of invisibility
 o - a potion of ambrosia {unknown}
 r - 3 potions of curing
 s - a potion of poison {unknown}
 t - a potion of agility
Comestibles
 a - 6 chunks of flesh
 b - 3 fruits
 c - 3 bread rations
 i - 2 meat rations
 q - 4 beef jerkies


   Skills:
 + Level 6.0 Fighting
 + Level 8.1 Short Blades
 + Level 5.1 Armour
 - Level 1.5 Dodging


You had 8 spell levels left.
You didn't know any spells.

Dungeon Overview and Level Annotations

Branches:
Dungeon (7/15)             Temple (1/1) D:7

Altars:
Dithmenos
Elyvilon
Gozag
Kikubaaqudgha
Makhleb
Okawaru
Qazlal
Trog
Yredelemnul
Zin

Shops:
D:5 (   D:7 :


Innate Abilities, Weirdness & Mutations

You have razor-sharp teeth.
You heal very quickly.
When hurt, damage is shared between your health and your magic reserves.
Your bite disrupts and absorbs the magic of your enemies.
Potions and wands cannot restore your health.
You are immune to rotting.
Your body sometimes deteriorates upon taking damage.
You can spit weak poison.


Message History

The yak gores you!
* * * LOW HITPOINT WARNING * * *
Your body deteriorates!
You feel weakened.
Drink which item? (? for menu, Esc to quit)
You have no ailments to cure.
Drink which item? (? for menu, Esc to quit)
Okay, then.
Drink which item? (? for menu, Esc to quit)
You have no ailments to cure.
Drink which item? (? for menu, Esc to quit)
You feel very mighty all of a sudden. The yak gores you!
* * * LOW HITPOINT WARNING * * *
Your body deteriorates!
You feel weakened.
Use which ability? (? or * to list)
A red film seems to cover your vision as you go berserk!
You feel yourself moving faster!
You feel mighty!
You are feeling very hungry.
The yak gores you!
You die...

.# # #.....#.# #.#
.# #.#.......#
#.#### .#
..(.#####.# #....#
.###.### #.#
#.#### .#<....#
#.###.#
.#...#.#####.....#
####.#.#.........#
.###.#.#.###.###.#
>........# #.# #@#
#.##.#####
#.###Y######
.))..#
#.##YYY....#
#.##.#
#.##.Y#.##.#
#....# #.......#
..#### ####.....
### ####.## ##


You could see 5 yaks.

Vanquished Creatures
  Sigmund (D:5)
  2 hippogriffs (D:7)
  A sky beast (D:7)
  An ogre (D:6)
  The ghost of Geomchi the Insei, an average TeMo (D:3)
  2 giant frogs
  Blork the orc (D:4)
  3 scorpions
  4 wights (D:7)
  4 hounds
  2 crimson imps (D:5)
  3 orc wizards
  4 orc priests
  An iguana (D:5)
  3 worker ants
  A hound zombie (D:7)
  Robin (D:4)
  4 gnolls (D:5)
  10 adders
  A shadow imp (D:6)
  An ooze (D:3)
  7 worms
  2 giant geckos
  32 orcs
  11 bats
  2 bat skeletons
  7 giant cockroaches
  17 goblins
  21 hobgoblins
  10 kobolds
  2 quokkas (D:7)
  5 giant newts
  A jackal zombie (D:6)
  A quokka skeleton (D:7)
  12 rats
  A spectral orc (D:2)
182 creatures vanquished.

Notes
Turn   | Place    | Note
--------------------------------------------------------------
     0 | D:1      | Kisielow the Vine Stalker Berserker began the quest for the Orb.
     0 | D:1      | Reached XP level 1. HP: 11/11 MP: 2/2
   109 | D:1      | Reached skill level 3 in Short Blades
   195 | D:1      | Reached XP level 2. HP: 10/16 MP: 1/3
   538 | D:1      | Reached XP level 3. HP: 19/19 MP: 4/4
   695 | D:1      | Acquired Trog's second power
   925 | D:1      | Upgraded the game from 0.17-a0-1210-g1e4f09d to 0.17-a0-1230-g8afc29e
  1074 | D:2      | Reached skill level 4 in Short Blades
  1322 | D:2      | Found a burning altar of Makhleb.
  1328 | D:2      | Reached XP level 4. HP: 23/23 MP: 5/5
  1706 | D:2      | Found a basalt altar of Yredelemnul.
  1711 | D:2      | Reached skill level 5 in Short Blades
  1773 | D:3      | Reached XP level 5. HP: 27/27 MP: 4/6
  1788 | D:3      | Noticed Geomchi's ghost (average TeMo)
  1856 | D:3      | Killed Geomchi's ghost
  2104 | D:3      | Gained mutation: You heal very quickly. [Vine Stalker growth]
  2104 | D:3      | Reached XP level 6. HP: 30/32 MP: 7/7
  2241 | D:3      | Reached skill level 6 in Short Blades
  2362 | D:3      | Found a white marble altar of Elyvilon.
  2602 | D:3      | Found a glowing silver altar of Zin.
  2608 | D:3      | Found an iron altar of Okawaru.
  2959 | D:4      | Noticed Robin
  2979 | D:4      | Killed Robin
  3290 | D:4      | Noticed Blork the orc
  3302 | D:4      | Killed Blork the orc
  3302 | D:4      | Reached XP level 7. HP: 36/36 MP: 8/8
  3349 | D:4      | Acquired Trog's third power
  3566 | D:4      | Found a shadowy altar of Dithmenos.
  3748 | D:4      | Found an ancient bone altar of Kikubaaqudgha.
  3748 | D:4      | Found a bloodstained altar of Trog.
  3980 | D:5      | Entered Level 5 of the Dungeon
  4021 | D:5      | Found Guguetid's Antique Weapon Emporium.
  4521 | D:5      | Gained mutation: You have razor-sharp teeth. [Vine Stalker growth]
  4521 | D:5      | Reached XP level 8. HP: 39/42 MP: 7/9
  4522 | D:5      | Noticed Sigmund
  4537 | D:5      | Killed Sigmund
  4537 | D:5      | Reached skill level 7 in Short Blades
  4781 | D:6      | Received a gift from Trog
  4798 | D:6      | Found an opulent altar of Gozag.
  4822 | D:6      | Reached skill level 5 in Fighting
  5159 | D:6      | You fall through a shaft!
  5300 | D:7      | Reached XP level 9. HP: 28/48 MP: 10/10
  5360 | D:7      | Reached skill level 8 in Short Blades
  5362 | D:7      | Reached skill level 5 in Armour
  5393 | D:7      | Gained mutation: You can spit weak poison. [mutagenic meat]
  5394 | D:7      | Gained mutation: Your body sometimes deteriorates upon taking damage. [mutagenic meat]
  5516 | D:7      | Found a stormy altar of Qazlal.
  5566 | D:7      | Found a staircase to the Ecumenical Temple.
  5627 | Temple   | Entered the Ecumenical Temple
  5773 | D:7      | Found Nebluamu's Book Shop.
  5793 | D:7      | HP: 2/48 [yak (6)]
  5794 | D:7      | Slain by a yak

Vault maps used:
D:1:      dpeg_arrival_court
D:2:      yredelemnul_forgotten_temple_becter, makhleb_blood_cavern_becter
D:3:      nicolae_overflow_hidden_temple, fountainhead, st_stairs_11,
          elyvilon_altar_3
D:4:      gammafunk_temple_overflow_elements, lemuel_coloured_pillars_altar,
          uniq_robin, uniq_blork_the_orc
D:5:      serial_shops, kennysheep_mini, first_bread, uniq_sigmund
D:6:      nicolae_overflow_crystal_walls
D:7:      kennysheep_mini_moat, temple_hall, serial_shops, shop
Temple:   cyrus_temple_forest_13

Action                   |  1- 3 |  4- 6 |  7- 9 || total
-------------------------+-------+-------+-------++-------
Melee: Short sword       |   108 |   160 |    95 ||   363
       Rapier            |       |       |   246 ||   246
Invok: Berserk           |     4 |     8 |     4 ||    16
  Use: Scroll            |       |     9 |     6 ||    15
       Potion            |       |       |     1 ||     1
 Stab: Sleeping          |     1 |     4 |       ||     5
  Eat: Chunk             |     4 |    14 |    13 ||    31
       Pizza             |       |       |     1 ||     1
